 Dungeon Crawl Stone Soup version 0.24.1-14-gf8d2b509d9 (webtiles) character file.

Game seed: 11790209987245512507, levelgen mode: deterministic

136740 Hugehornet the Severer (level 17, -15/128 HPs)
             Began as a Formicid Fighter on May 16, 2020.
             Was a High Priest of Okawaru.
             Killed by the raging water
             ... invoked by a water nymph
              (24 damage)
             ... on level 4 of the Shoals.
             The game lasted 01:54:35 (37269 turns).

Hugehornet the Severer (Formicid Fighter)          Turns: 37269, Time: 01:54:35

Health: -15/128    AC: 20    Str: 31    XL:     17   Next: 81%
Magic:  32/32      EV:  9    Int:  6    God:    Okawaru [*****.]
Gold:   1305       SH: 17    Dex: 11    Spells: 16/16 levels left

rFire    . . .     SeeInvis +   K - +5 battleaxe (freeze)
rCold    . . .     Gourm    .   c - +0 shield
rNeg     + + .     Faith    .   i - +2 chain mail of the Sunfish {rElec rN+ MR+ MP+9}
rPois    +         Spirit   .   (helmet unavailable)
rElec    +         Reflect  +   (no cloak)
rCorr    .         Harm     .   u - +0 pair of gloves
MR       ++...                  B - +2 pair of boots {Fly}
Stlth    ..........             b - +5 amulet of reflection
HPRegen  0.31/turn              g - +5 ring of strength
MPRegen  0.23/turn              O - ring of Zeuss {rPois rN+ Dex-3 SInv Stlth+}

@: flying
A: permanent stasis, dig shafts and tunnels, four strong arms, antennae 3, agile
2, dopey 2, sense surroundings 1
a: Dig, Shaft Self, Heroism, Finesse, Renounce Religion, Stop Flying


You were on level 4 of the Shoals.
You worshipped Okawaru.
Okawaru was extremely pleased with you.
You were not hungry.

You visited 4 branches of the dungeon, and saw 26 of its levels.
You visited the Abyss 1 time.
You also visited: Ossuary, Gauntlet and Ice Cave.

You collected 2089 gold pieces.
You spent 784 gold pieces at shops.

Inventory:

Hand Weapons
 l - a +0 arbalest of freezing
 o - the +0 war axe of a treasure trove {flame, rC- rN+ Str+4}
   (You bought it in a shop on level 13 of the Dungeon)

   It has been specially enchanted to burn those struck by it, causing extra
   injury to most foes and up to half again as much damage against particularly
   susceptible opponents.
   Big, fiery blades are also staple armaments of hydra-hunters.
   It affects your strength (+4).
   It makes you vulnerable to cold.
   It protects you from negative energy.
 K - a +5 battleaxe of freezing (weapon)
 W - a +3 triple crossbow of flaming
Missiles
 s - 304 bolts
Armour
 c - a +0 shield (worn)
 i - the +2 chain mail of the Sunfish (worn) {rElec rN+ MR+ MP+9}
   (Okawaru gifted it to you on level 13 of the Dungeon)

   It insulates you from electricity.
   It protects you from negative energy.
   It affects your resistance to hostile enchantments.
   It affects your magic capacity (+9).
 n - a +0 buckler of positive energy
 u - a +0 pair of gloves (worn)
 B - a +2 pair of boots of flying (worn)
 C - a +0 plate armour of magic resistance
 I - the +5 scale mail "Puexoyly" {-Tele MR+ Str+3 Int+7}
   (You found it in an ice cave)

   It affects your strength (+3).
   It affects your intelligence (+7).
   It affects your resistance to hostile enchantments.
   It prevents most forms of teleportation.
Jewellery
 b - a +5 amulet of reflection (around neck)
 g - a +5 ring of strength (left hand)
 h - an uncursed ring of resist corrosion
 p - a +5 ring of evasion
 y - an uncursed ring of protection from fire
 z - an uncursed ring of protection from fire
 A - the amulet of Owus {Acrobat rF+ Slay+2}
   (You found it in a Gauntlet)

   [amulet of the acrobat]

   It helps you evade while moving and waiting.
   It affects your accuracy and damage with ranged weapons and melee attacks
   (+2).
   It protects you from fire.
 E - the ring "Luirphen" {Str+4 Int+4}
   (You found it on level 1 of the Shoals)

   [ring of intelligence]

   It affects your strength (+4).
   It affects your intelligence (+4).
 J - an uncursed ring of protection from cold
 M - the ring "Kawasm" {Fire MR+ Int+7 Stlth+}
   (You found it on level 1 of the Shoals)

   [ring of fire]

   It enhances your fire magic.
   It affects your intelligence (+7).
   It protects you from fire.
   It makes you vulnerable to cold.
   It affects your resistance to hostile enchantments.
   It makes you more stealthy.
 O - the ring of Zeuss (right hand) {rPois rN+ Dex-3 SInv Stlth+}
   (You bought it in a shop on level 9 of the Dungeon)

   [ring of positive energy]

   It affects your dexterity (-3).
   It protects you from poison.
   It protects you from negative energy.
   It lets you see invisible.
   It makes you more stealthy.
 X - an uncursed ring of protection from magic
 Z - an uncursed ring of stealth
Wands
 m - a wand of flame (28)
 r - a wand of clouds (17)
 G - a wand of polymorph (10)
 N - a wand of enslavement (5)
 Q - a wand of acid (22)
 S - a wand of scattershot (7)
 T - a wand of iceblast (32)
Scrolls
 a - 2 scrolls of brand weapon
 e - 19 scrolls of remove curse
 t - 3 scrolls of identify
 w - 2 scrolls of fog
 D - 6 scrolls of immolation
 F - 3 scrolls of vulnerability
 H - a scroll of amnesia
 L - 2 scrolls of torment
 P - a scroll of summoning
 R - a scroll of silence
 V - 7 scrolls of enchant armour
Potions
 d - a potion of invisibility {unknown}
 k - 2 potions of cancellation
 q - a potion of agility
 v - 6 potions of lignification
 x - a potion of might
 U - 2 potions of curing
 Y - 2 potions of brilliance
Comestibles
 f - 18 rations


   Skills:
 - Level 10.0 Fighting
 + Level 18.4 Axes
 * Level 14.3 Crossbows
 - Level 15.0 Armour
 - Level 0.6 Dodging
 - Level 9.1 Shields
 - Level 8.0 Invocations


You had 16 spell levels left.
You didn't know any spells.
Your spell library contained the following spells:

 Spells                   Type           Power        Failure   Level  Hunger
 Animate Skeleton         Necr           N/A          83%         1    ##.....
 Apportation              Tloc           #.....       83%         1    ##.....
 Beastly Appendage        Tmut           #.....       83%         1    ##.....
 Confusing Touch          Hex            #.....       83%         1    ##.....
 Corona                   Hex            #......      83%         1    ##.....
 Summon Small Mammal      Summ           #...         83%         1    ##.....
 Slow                     Hex            #.......     93%         2    ###....
 Sticks to Snakes         Tmut           #.......     93%         2    ###....
 Inner Flame              Hex/Fire       #.......     99%         3    ####...
 Portal Projectile        Hex/Tloc       #.....       99%         3    ####...
 Recall                   Summ/Tloc      N/A          99%         3    ####...
 Spider Form              Tmut/Pois      #.........   99%         3    ####...
 Tukima's Dance           Hex            #.......     99%         3    ####...
 Cause Fear               Hex            #.........   100%        4    #####..
 Ice Form                 Ice/Tmut       #.......     100%        4    #####..
 Leda's Liquefaction      Hex/Erth       #.........   100%        4    #####..
 Aura of Abjuration       Summ           #.........   100%        5    ######.
 Blade Hands              Tmut           #.........   100%        5    ######.
 Silence                  Hex/Air        #.........   100%        5    ######.
 Summon Demon             Summ           #.........   100%        5    ######.
 Summon Forest            Summ/Tloc      #.........   100%        5    ######.
 Summon Mana Viper        Hex/Summ       #.......     100%        5    ######.
 Darkness                 Hex            #.........   100%        6    #######
 Poison Arrow             Conj/Pois      #.........   100%        6    #######
 Shadow Creatures         Summ           N/A          100%        6    #######
 Chain Lightning          Conj/Air       #.........   100%        8    #######
 Lehudib's Crystal Spear  Conj/Erth      #.........   100%        8    #######
 Fire Storm               Conj/Fire      #.........   100%        9    #######
 Glaciate                 Conj/Ice       #.........   100%        9    #######


Dungeon Overview and Level Annotations

Branches:
Dungeon (15/15)            Temple (1/1) D:5            Lair (6/6) D:11
 Shoals (4/4) Lair:3       Spider (0/4) Lair:3        Slime (0/5) Lair:5
    Orc (0/2) D:11         Vaults (0/5) D:13         Depths (0/5) D:15
Ossuary (visited)           IceCv (visited)         Gauntlet (visited)

Altars:
Ashenzari
Cheibriados
Dithmenos
Elyvilon
Fedhas
Gozag
Hepliaklqana
Kikubaaqudgha
Makhleb
Nemelex Xobeh
Okawaru
Qazlal
Ru
Sif Muna
Trog
Uskayaw
Vehumet
Wu Jian
Xom
Yredelemnul
Zin
The Shining One
Jiyva

Shops:
D:5 (   D:9 =   D:10 =   D:11 }   D:13 (   D:14 =   Shoals:3 ?

Portals:
Trove: D:11 (show abyssal rune of Zot)

Annotations:
Shoals:1 , 3 runed translucent doors, xzight's ghost, adept MiBe
Shoals:2 exclusion: oklob plant


Innate Abilities, Weirdness & Mutations

You cannot be hasted, slowed, berserked, paralysed or teleported.
You can dig through walls and to a lower floor.
Your four strong arms can wield two-handed weapons with a shield.
You have a pair of large antennae on your head. (SInv)
You are very agile. (Dex +4)
You are very dopey. (Int -4)
You passively map a small area around you.


Message History

The water nymph drowns you!
* * * LOW HITPOINT WARNING * * *
The merfolk javelineer pleads, "Please!
I have a lot of children!"
You slash the water nymph! You freeze the water nymph.
The water nymph is heavily wounded.
The water nymph points at you and mumbles some strange words.
The water rises up and strikes you.
* * * LOW HITPOINT WARNING * * *
You hit the water nymph. You freeze the water nymph.
The water nymph is heavily wounded.
The satyr plays a rousing melody on his pipes!
You miss the water nymph.
The water nymph is heavily wounded.
The merfolk javelineer seems to regain its courage.
The merfolk javelineer throws a javelin.
The javelin pierces through you but does no damage.
You hear a splash.
The water nymph gestures at you while chanting.
The water rises up and strikes you!!
You die...

≈≈≈≈≈≈≈≈≈≈≈≈≈≈≈ ≈≈.{...
≈ ≈
≈≈≈≈≈≈≈≈.m≈≈≈≈c≈≈≈≈.....
≈
≈≈≈≈≈≈≈≈≈.≈≈≈≈≈≈≈≈≈.....
≈≈≈≈≈≈≈....≈≈≈≈≈≈≈≈≈....
,
≈≈≈≈........≈≈≈≈≈≈≈≈....
,
≈≈.......≈..≈≈≈≈≈≈≈≈≈.).
,
.......≈≈≈.≈≈≈≈≈≈≈≈≈≈≈≈.
........m≈≈≈≈≈≈≈≈≈≈≈≈≈≈.
####..@≈≈≈≈≈≈..≈≈≈≈≈≈≈)
{ ##≈≈≈≈≈≈..#P≈≈≈≈≈≈≈≈ {
{≈#(≈≈≈≈.?.##.≈≈≈≈≈≈≈
+(≈≈(....##...≈≈≈≈≈ , {
{ #≈≈≈.P...##....≈≈≈≈ *
{≈##≈≈...P.P##.....P≈.
###≈≈≈.).P..#P.≈≈≈≈≈≈.
≈≈≈≈≈≈≈≈<....#P.P≈≈≈≈..
≈≈≈≈≈≈≈≈....##^≈≈≈≈≈≈.#


You could see a merfolk javelineer, a satyr and a water nymph.

Vanquished Creatures
  Polyphemus (Shoals:3)
  Gastronok (D:9)
  Kirke (D:12)
  Donald (Shoals:1)
  A frost giant (IceCv)
  A fire giant (D:15)
  An ironheart preserver (D:13)
  6 dire elephants (Lair:6)
  A minotaur (Gauntlet)
  5 eidola (D:14)
  A green death (Gauntlet)
  3 merfolk impalers
  5 hydras
  The ghost of droganthewolf the Blocker, a journeyman GrFi of the Shining One (Lair:1)
  A merfolk avatar (Shoals:3)
  Harold (D:9)
  2 catoblepae
  A merfolk aquamancer (Shoals:2)
  An anaconda (Lair:6)
  A death knight (D:13)
  2 satyrs (Shoals:3)
  2 alligator snapping turtles
  5 death yaks
  2 vampire magi (D:14)
  Erica (D:9)
  5 sea snakes
  A glowing orange brain (Abyss:3)
  6 skeletal warriors (D:14)
  An unseen horror (D:15)
  2 phantasmal warriors (D:14)
  A wolf spider (D:15)
  13 harpies
  An orc knight (D:15)
  12 ugly things
  A deep elf mage (D:14)
  7 cyclopes
  13 elephants
  6 fauns (Shoals:3)
  A moth of wrath (Gauntlet)
  7 water nymphs
  An ice statue (IceCv)
  11 manticores
  5 black mambas
  4 merfolk sirens
  3 gargoyles
  A kobold demonologist (D:15)
  3 spiny frogs
  7 centaur skeletons
  5 komodo dragons
  3 rime drakes
  2 efreet
  20 merfolk
  17 polar bears
  6 trolls
  5 jumping spiders (Lair:3)
  3 meliai (D:15)
  A hornet (D:14)
  4 wind drakes
  13 blink frogs
  A harpy skeleton (D:15)
  12 dream sheep
  10 hippogriffs
  3 slime creatures (D:13)
  8 snapping turtles
  4 flying skulls (D:14)
  A centaur simulacrum (Gauntlet)
  4 starcursed masses (Abyss:3)
  54 yaks
  A meliai zombie (D:14)
  12 water elementals
  A shadow (D:14)
  6 basilisks
  2 wyverns
  7 hungry ghosts
  2 vampires
  4 neqoxecs (Abyss:3)
  3 hogs (D:12)
  A golden eye (shapeshifter) (D:15)
  2 humans (shapeshifter)
  A two-headed ogre zombie (D:11)
  4 vampire mosquitoes (D:13)
  A warg (D:15)
  A soldier ant (D:12)
  An acid dragon (D:14)
  17 water moccasins
  11 porcupines
  5 ice beasts
  A meliai simulacrum (Gauntlet)
  3 sky beasts
  2 orc warriors
  3 black bears
  8 ogres
  6 phantoms
  An eye of draining (D:15)
  A necrophage (D:13)
  33 wolves
  11 centaurs
  10 crocodiles
  A big kobold (D:7)
  14 bullfrogs
  A gnoll sergeant (D:7)
  A wyvern zombie (D:14)
  5 water moccasin zombies (Ossuary)
  A wyvern skeleton (D:14)
  A hornet simulacrum (Gauntlet)
  2 troll zombies (D:11)
  4 scorpions
  3 killer bees (D:9)
  A water moccasin skeleton (D:7)
  8 wights
  12 howler monkeys
  7 electric eels
  7 crimson imps
  A bullfrog zombie (D:7)
  A wyvern simulacrum (Gauntlet)
  10 centaur zombies
  4 hounds
  5 jellies
  6 orc wizards
  5 orc priests
  2 bullfrog skeletons
  Jessica (D:2)
  5 iguanas
  A killer bee zombie (D:9)
  5 worker ants
  A big kobold zombie (Ossuary)
  A bullfrog simulacrum (Gauntlet)
  5 ogre zombies (D:11)
  2 mummies (Ossuary)
  4 hound skeletons
  A howler monkey zombie (D:8)
  A worker ant zombie (D:8)
  10 gnolls
  6 adders
  3 shadow imps
  2 oozes
  4 adder skeletons
  8 adder zombies (Ossuary)
  5 worms
  A dart slug (D:1)
  8 leopard geckos
  25 orcs
  2 giant cockroaches
  7 goblins
  8 hobgoblins
  8 jackals
  8 quokkas
  3 ball pythons
  5 bats
  4 frilled lizards
  2 gnoll zombies (Ossuary)
  3 goblin skeletons (D:11)
  3 goblin zombies (D:11)
  4 hobgoblin zombies
  A jackal zombie (D:8)
  16 kobolds
  4 kobold zombies (Ossuary)
  4 orc skeletons (D:11)
  21 orc zombies
  3 rats
  4 fungi
  26 plants
834 creatures vanquished.

Vanquished Creatures (others)
  An eldritch tentacle (Shoals:1)
  A faun (Shoals:3)
  A human (D:12)
  4 fungi
  2 plants (Lair:5)
  5 withered plants (Gauntlet)
14 creatures vanquished.

Grand Total: 848 creatures vanquished

Notes
Turn   | Place    | Note
-------+----------+-------------------------------------------
     0 | D:1      | Hugehornet the Formicid Fighter began the quest for the
                  | Orb.
     0 | D:1      | Reached XP level 1. HP: 18/18 MP: 1/1
   131 | D:1      | Reached XP level 2. HP: 24/24 MP: 2/2
   271 | D:1      | Reached skill level 3 in Axes
   588 | D:1      | Reached XP level 3. HP: 27/29 MP: 3/3
   883 | D:2      | Noticed Jessica
   885 | D:2      | Found a shimmering altar of Xom.
   888 | D:2      | Killed Jessica
   888 | D:2      | Reached skill level 4 in Axes
   888 | D:2      | Reached XP level 4. HP: 31/35 MP: 4/4
  2235 | D:3      | Reached XP level 5. HP: 35/41 MP: 5/5
  2292 | D:3      | Found a stormy altar of Qazlal.
  2472 | D:3      | Found a stormy altar of Qazlal.
  2483 | D:3      | Reached skill level 5 in Axes
  2754 | D:3      | Found a faded altar of an unknown god.
  3033 | D:4      | Noticed a centaur
  3039 | D:4      | Killed a centaur
  3039 | D:4      | Reached XP level 6. HP: 39/47 MP: 6/6
  3042 | D:4      | Reached skill level 6 in Axes
  3336 | D:4      | Noticed a phantom
  3359 | D:4      | Reached XP level 7. HP: 40/52 MP: 7/7
  3547 | D:4      | Reached skill level 7 in Axes
  3720 | D:4      | Found a white marble altar of Elyvilon.
  4131 | D:5      | Entered Level 5 of the Dungeon
  4151 | D:5      | Reached skill level 8 in Axes
  4152 | D:5      | Found a staircase to the Ecumenical Temple.
  4373 | Temple   | Entered the Ecumenical Temple
  4729 | D:5      | Noticed a wyvern
  4735 | D:5      | Reached XP level 8. HP: 58/58 MP: 8/8
  4740 | D:5      | Killed a wyvern
  4740 | D:5      | Reached skill level 9 in Axes
  4990 | D:5      | Found Xyol's Weapon Emporium.
  4995 | D:5      | Bought a +0 battleaxe for 84 gold pieces
  5132 | D:6      | Reached skill level 10 in Axes
  5169 | D:6      | Found a sand-covered staircase.
  5218 | Ossuary  | Entered an ossuary
  5260 | Ossuary  | Reached XP level 9. HP: 55/64 MP: 9/9
  5488 | Ossuary  | Reached skill level 11 in Axes
  5739 | Ossuary  | Gained mutation: You do not regenerate when monsters are
                  | visible. [potion of mutation]
  5739 | Ossuary  | Gained mutation: Your spells are a little easier to cast,
                  | but a little less powerful. [potion of mutation]
  5739 | Ossuary  | Gained mutation: You are dopey. (Int -2) [potion of
                  | mutation]
  5739 | Ossuary  | Gained mutation: You are agile. (Dex +2) [potion of
                  | mutation]
  6348 | D:6      | Found a snail-covered altar of Cheibriados.
  6351 | D:6      | Found a hide-covered altar of Uskayaw.
  6354 | D:6      | Found an iron altar of Okawaru.
  6598 | D:6      | Reached skill level 12 in Axes
  6925 | D:6      | Became a worshipper of Warmaster Okawaru
  7329 | D:7      | Noticed a hippogriff
  7338 | D:7      | Killed a hippogriff
  7338 | D:7      | Reached XP level 10. HP: 62/70 MP: 10/10
  7569 | D:7      | Reached skill level 13 in Axes
  7769 | D:7      | Reached * piety under Okawaru
  8763 | D:8      | Found a blossoming altar of Fedhas.
  8814 | D:8      | Found an opulent altar of Gozag.
  9174 | D:9      | Noticed Gastronok
  9192 | D:9      | Killed Gastronok
  9192 | D:9      | Reached ** piety under Okawaru
  9192 | D:9      | Reached skill level 14 in Axes
  9598 | D:9      | Noticed Harold
  9615 | D:9      | Killed Harold
  9615 | D:9      | Reached *** piety under Okawaru
  9615 | D:9      | Reached skill level 15 in Axes
  9615 | D:9      | Reached XP level 11. HP: 41/75 MP: 6/11
  9781 | D:9      | Found Beicrot's Jewellery Boutique.
  9786 | D:9      | Lost mutation: You do not regenerate when monsters are
                  | visible. [potion of mutation]
  9786 | D:9      | Lost mutation: Your spells are a little easier to cast, but
                  | a little less powerful. [potion of mutation]
  9786 | D:9      | Gained mutation: You passively map a small area around you.
                  | [potion of mutation]
  9786 | D:9      | Gained mutation: You are very agile. (Dex +4) [potion of
                  | mutation]
 10044 | D:9      | Bought the ring of Zeuss {rPois rN+ Dex-3 SInv Stlth+} for
                  | 446 gold pieces
 10251 | D:9      | Noticed Erica
 10265 | D:9      | Killed Erica
 10265 | D:9      | Reached **** piety under Okawaru
 10481 | D:10     | Entered Level 10 of the Dungeon
 10607 | D:10     | Found a sacrificial altar of Ru.
 10646 | D:10     | Reached skill level 16 in Axes
 10850 | D:10     | Found Izifowk's Jewellery Emporium.
 10888 | D:10     | Reached skill level 1 in Invocations
 11662 | D:11     | Found Vadghes's Gadget Shoppe.
 11713 | D:11     | Found a frozen archway.
 11723 | IceCv    | Entered an ice cave
 12059 | IceCv    | Noticed a death yak
 12094 | IceCv    | Killed a death yak
 12094 | IceCv    | Reached ***** piety under Okawaru
 12296 | IceCv    | Reached XP level 12. HP: 61/83 MP: 12/14
 12321 | IceCv    | Reached skill level 5 in Shields
 12563 | IceCv    | Reached skill level 5 in Armour
 13202 | IceCv    | Received a gift from Okawaru
 13643 | IceCv    | Noticed a death yak
 13643 | IceCv    | Noticed a frost giant
 13654 | IceCv    | Killed a death yak
 13654 | IceCv    | Reached skill level 5 in Fighting
 13654 | IceCv    | Reached skill level 5 in Invocations
 13664 | IceCv    | Killed a frost giant
 14084 | IceCv    | Got a heavily runed scale mail
 14378 | D:11     | Found a staircase to the Lair.
 14435 | D:11     | Identified the +5 scale mail "Puexoyly" {-Tele MR+ Str+3
                  | Int+7} (You found it in an ice cave)
 14454 | D:11     | Reached XP level 13. HP: 31/92 MP: 17/17
 14723 | D:11     | Noticed a catoblepas
 14729 | D:11     | Killed a catoblepas
 14977 | D:11     | Received a gift from Okawaru
 15275 | D:11     | Found a staircase to the Orcish Mines.
 15801 | D:11     | Found a portal to a secret trove of treasure.
 15991 | D:12     | Noticed Kirke
 16007 | D:12     | Killed Kirke
 16007 | D:12     | Received a gift from Okawaru
 16007 | D:12     | Reached skill level 17 in Axes
 16007 | D:12     | Reached ****** piety under Okawaru
 16113 | D:12     | Found a gate leading to a gauntlet.
 16146 | Gauntlet | Entered a Gauntlet
 16146 | Gauntlet | Found a runed translucent gate.
 16146 | Gauntlet | Found a transporter.
 16146 | Gauntlet | Found a runed translucent gate.
 16146 | Gauntlet | Found a runed translucent gate.
 16146 | Gauntlet | Found a transporter.
 16160 | Gauntlet | Found a transporter.
 16164 | Gauntlet | Found a transporter.
 16172 | Gauntlet | Found a transporter.
 16176 | Gauntlet | Found a transporter.
 16186 | Gauntlet | Found a transporter.
 16195 | Gauntlet | Noticed an entropy weaver
 16199 | Gauntlet | Noticed a green death
 16202 | Gauntlet | Found a transporter.
 16217 | Gauntlet | Found a transporter.
 16220 | Gauntlet | Found a transporter.
 16221 | Gauntlet | Found the +6 shillelagh "Devastator" {shatter}
 16228 | Gauntlet | Found a transporter.
 16232 | Gauntlet | Found a transporter.
 16555 | Gauntlet | Killed a green death
 16564 | Gauntlet | Got a transparent brass amulet
 16705 | Gauntlet | Noticed a minotaur
 16713 | Gauntlet | Killed a minotaur
 16934 | Gauntlet | Identified the amulet of Owus {Acrobat rF+ Slay+2} (You
                  | found it in a Gauntlet)
 17714 | D:13     | Reached skill level 1 in Crossbows
 17872 | D:13     | Identified Sif Muna's Compendium of Fascination
 17880 | D:13     | Found Beudea's Weapon Shop.
 17889 | D:13     | Bought the cursed +0 war axe of a treasure trove {flame,
                  | rC- rN+ Str+4} for 254 gold pieces
 17953 | D:13     | Noticed an ironheart preserver
 17955 | D:13     | Found a gate to the Vaults.
 17972 | D:13     | Killed an ironheart preserver
 17972 | D:13     | Received a gift from Okawaru
 17974 | D:13     | Got a brightly glowing chain mail {god gift}
 18197 | D:12     | Identified the +2 chain mail of the Sunfish {rElec rN+ MR+
                  | MP+9} (Okawaru gifted it to you on level 13 of the Dungeon)
 18399 | D:13     | Reached XP level 14. HP: 103/103 MP: 19/19
 19224 | D:6      | Reached skill level 10 in Armour
 19497 | Lair:1   | Entered Level 1 of the Lair of Beasts
 19641 | Lair:1   | Found a runed translucent door.
 20332 | Lair:1   | Noticed droganthewolf's ghost (journeyman GrFi)
 20344 | Lair:1   | Killed droganthewolf's ghost
 21076 | Lair:2   | Reached skill level 5 in Crossbows
 21645 | Lair:3   | Found a hole to the Spider Nest.
 21900 | Lair:3   | Found a staircase to the Shoals.
 21997 | Lair:3   | Received a gift from Okawaru
 23809 | Lair:5   | Received a gift from Okawaru
 23815 | Lair:5   | Got a brightly glowing quick blade {god gift}
 23819 | Lair:5   | Identified the +7 quick blade "Impslayer" {freeze, +Fly
                  | MR+} (Okawaru gifted it to you on level 5 of the Lair of
                  | Beasts)
 24416 | Lair:5   | Found a viscous altar of Jiyva.
 24416 | Lair:5   | Found a staircase to the Slime Pits.
 24434 | Lair:5   | Reached XP level 15. HP: 110/110 MP: 20/20
 24442 | Lair:5   | Reached skill level 10 in Crossbows
 25116 | Lair:6   | Entered Level 6 of the Lair of Beasts
 25397 | Lair:6   | Received a gift from Okawaru
 26110 | Lair:6   | Received a gift from Okawaru
 26694 | Lair:6   | Received a gift from Okawaru
 28240 | D:14     | Reached XP level 16. HP: 59/120 MP: 22/22
 28496 | D:14     | Received a gift from Okawaru
 28528 | D:14     | Found Juclidwo's Jewellery Boutique.
 28535 | D:14     | Identified a scroll of acquirement
 28610 | D:14     | Received a gift from Okawaru
 28868 | D:14     | Received a gift from Okawaru
 29038 | D:14     | Found a sacrificial altar of Ru.
 29216 | D:15     | Entered Level 15 of the Dungeon
 29234 | D:15     | Found a hide-covered altar of Uskayaw.
 29579 | D:15     | Noticed a fire giant
 29597 | D:15     | Killed a fire giant
 29599 | D:15     | Received a gift from Okawaru
 30399 | D:15     | Found a staircase to the Depths.
 30889 | Shoals:1 | Entered Level 1 of the Shoals
 31224 | Shoals:1 | Found a transporter.
 31608 | Shoals:1 | Found a runed translucent gate.
 31610 | Shoals:1 | Found a runed translucent gate.
 31611 | Shoals:1 | Found a runed translucent gate.
 31615 | Shoals:1 | Noticed xzight's ghost (adept MiBe)
 31672 | Shoals:1 | Noticed Donald
 31685 | Shoals:1 | Killed Donald
 31685 | Shoals:1 | Reached skill level 10 in Fighting
 31818 | Shoals:1 | Reached skill level 18 in Axes
 31934 | Shoals:1 | Found a transporter.
 32538 | Shoals:1 | Got a brightly glowing golden ring
 32542 | Shoals:1 | Identified the ring "Kawasm" {Fire MR+ Int+7 Stlth+} (You
                  | found it on level 1 of the Shoals)
 32551 | Shoals:1 | Got faintly glowing swamp dragon scales
 32562 | Shoals:1 | Identified the +0 swamp dragon scales of Ackomm {rPois
                  | Regen+} (You found it on level 1 of the Shoals)
 32588 | Shoals:1 | Got a crude glass ring
 32590 | Shoals:1 | Identified the ring "Luirphen" {Str+4 Int+4} (You found it
                  | on level 1 of the Shoals)
 33046 | Shoals:2 | Cast into level 3 of the Abyss (merfolk impaler)
 33046 | Abyss:3  | Found a corrupted altar of Lugonu.
 33048 | Abyss:3  | Gained mutation: You are very dopey. (Int -4) [a neqoxec]
 33052 | Abyss:3  | Received a gift from Okawaru
 33056 | Abyss:3  | Reached XP level 17. HP: 38/128 MP: 23/23
 33071 | Shoals:2 | Escaped the Abyss
 33559 | Shoals:2 | Received a gift from Okawaru
 33863 | Shoals:2 | Found a sparkling altar of Nemelex Xobeh.
 34582 | Shoals:3 | Found Woptuwka's Magic Scroll Shoppe.
 35588 | Shoals:3 | Noticed Polyphemus
 35615 | Shoals:3 | Killed Polyphemus
 35779 | Shoals:3 | Received a gift from Okawaru
 36390 | Shoals:4 | Entered Level 4 of the Shoals
 36933 | Shoals:4 | Reached skill level 15 in Armour
 37269 | Shoals:4 | Killed from afar by a water nymph

Levels and vault maps discovered:
D:1:      giann_horns, layout_loops_ring
D:2:      layout_loops_cross, lemuel_round_altar, chequers_serial_rivers_room_a,
          nrook_mini_vaults, uniq_jessica
D:3:      layout_loops_corners, overflow_temple_1_default,
          chequers_ecumenical_altar_simple, nicolae_qazlal_general_emergency
D:4:      layout_cave_pools, lemuel_doored_altar, first_ration, minivault_11,
          item_on_display_b
D:5:      layout_rooms, minmay_temple_entry_sparse_star, serial_shops,
          nicolae_shop_trees
D:6:      cheibrodos_two_vegetables, layout_basic,
          grunt_temple_overflow_diamond, enter_ossuary_2,
          small_statue_intersection
D:7:      layout_layer_cave, minmay_misc_feat_alley, grunt_ogre_cave
D:8:      layout_loops_cross, lemuel_coloured_pillars_altar, fedhas_altar_1
D:9:      layout_loops_ring, serial_shops, nicolae_shop_waterfront, uniq_harold,
          uniq_gastronok, uniq_erica
D:10:     layout_basic, basic_altar, serial_shops, shop_coins,
          minmay_variable_closet
D:11:     layout_irregular_city, david_lair_generic, zombieorc2_lemuel,
          portal_ice_cave_entry_pillars_1, serial_shops,
          nicolae_shop_statue_plus, trove_entry_hex_spiral, bh_walls_and_bars
D:12:     layout_rooms, gauntlet_entry_generic, uniq_kirke
D:13:     layout_long_grid, skrybe_vaults_entry_preservation, serial_shops,
          shop_fountains
D:14:     hangedman_screamer, layout_rooms, serial_shops, kennysheep_mini,
          nicolae_ru_sacrificial_ziggurat
D:15:     grunt_enter_depths_giant_problem, layout_rooms, basic_altar,
          hangedman_abyss_or_decor_stagger
Temple:   regret_index_temple_generic_petals
Lair:1:   layout_roguey, ebering_ghost_reflecting_pool
Lair:2:   layout_cave_pods
Lair:3:   layout_hall_layers, minmay_shoals_entry_centaurs, spider_nest_entry_a,
          lemuel_fruit_fields
Lair:4:   layout_cave_pods, serial_bayou_shore_a, infiniplex_staircase_pool_2,
          serial_bayou_shore_b
Lair:5:   layout_loops_ring, dpeg_slime_entry_enclosed_altar
Lair:6:   due_jungle_book, layout_big_grid
Shoals:1: gammafunk_its_a_trap, layout_shoals, ebering_ghost_rock_garden,
          nicolae_shoals_seven_spires, uniq_donald
Shoals:2: layout_shoals, lemuel_oklob_altar
Shoals:3: layout_shoals, serial_shops, shop, nicolae_shoals_isolated_beach,
          uniq_polyphemus
Shoals:4: shoals_end_simple, layout_shoals, serial_shops,
          nicolae_shop_statue_plus, uniq_bai_suzhen

Skill      XL: |  1  2  3  4  5  6  7  8  9 10 11 12 13 14 15 16 17 |
---------------+----------------------------------------------------+-----
Axes           | 3 4 5 6 8 10 12 15 16 17 18 | 18.4
Invocations    | 3 5 7 8 |  8.0
Shields        | 4 7 9 |  9.1
Armour         | 4 7 9 10 12 13 15 | 15.0
Fighting       | 5 7 9 10 | 10.0
Crossbows      | 2 9 11 13 14 | 14.3
Dodging        | |  0.6

Action                   |  1- 3 |  4- 6 |  7- 9 | 10-12 | 13-15 | 16-18 || total
-------------------------+-------+-------+-------+-------+-------+-------++-------
Melee: War axe           |    65 |   223 |   177 |       |    24 |    10 ||   499
       Battleaxe         |       |       |   249 |   633 |   913 |   685 ||  2480
 Fire: Triple crossbow   |       |       |       |       |     8 |     3 ||    11
Invok: Heroism           |       |       |       |    20 |    18 |     9 ||    47
       Finesse           |       |       |       |     6 |    10 |    10 ||    26
 Abil: Dig               |       |       |       |       |    10 |       ||    10
  Use: Potion            |       |     1 |     3 |    11 |     1 |     8 ||    24
       Scroll            |       |     2 |     8 |     7 |    13 |     8 ||    38
 Stab: Petrified         |       |       |       |       |       |     5 ||     5
       Petrifying        |       |       |       |       |       |     1 ||     1
  Eat: Chunk             |       |     7 |     8 |    14 |    35 |    14 ||    78
       Ration            |       |       |     2 |     3 |     5 |     6 ||    16
Armor: Scale mail        |    23 |    69 |   105 |     2 |    47 |       ||   246
       Plate armour      |       |       |     8 |   196 |    11 |       ||   215
       Chain mail        |       |       |       |       |   187 |   192 ||   379
Dodge: Dodged            |    13 |   127 |   211 |   134 |   236 |   173 ||   894
Block: Shield            |    35 |   137 |   183 |   261 |   420 |   436 ||  1472
       Reflection        |       |       |       |       |       |    29 ||    29
